Map: Pillars of Gold LE

Players

RagnaroK (SHIN) - Winner!

  • Race: Zerg Zerg
  • Spawn Location: 1:00

uThermal

  • Race: Terran Terran
  • Spawn Location: 7:00

Event: IEM Katowice 2021

VOD

Have the link to the VOD?

Description

Time

  • Played on: Feb. 20, 2021, 10:34 a.m.
  • Length: 14:24

All games in this series

Show
View Real Time Build Order
Export as new Build Order

RagnaroK Zerg - Winner!

Build Orders: Hatch First, Muta Ling Bane 

Get SALT Encoding   

  12  0:00  Drone  
  13  0:12  Overlord  
  13  0:17  Drone  
  14  0:30  Drone x2  
  14  0:35  Drone  
  17  0:53  Hatchery  
  17  0:56  Drone  
  17  1:00  Drone  
  18  1:15  Spawning Pool  
  18  1:17  Drone  
  18  1:20  Drone  
  19  1:29  Drone  
  20  1:40  Extractor, Drone  
  20  2:02  Zergling x4  
  20  2:05  Drone  
  20  2:06  Queen x2  
  27  2:10  Overlord  
  27  2:16  Drone  
  29  2:30  Drone x2  
  30  2:37  Drone  
  30  2:38  Drone  
  30  2:40  Metabolic Boost  
  30  2:41  Queen  
  34  2:45  Drone  
  34  2:48  Drone  
  36  2:58  Overlord  
  36  3:07  Overlord  
  36  3:15  Hatchery  
  36  3:16  Drone  
  36  3:17  Drone x2  
  36  3:18  Drone x2  
  40  3:21  Queen  
  40  3:25  Overlord  
  42  3:27  Drone  
  42  3:31  Drone x2  
  45  3:47  Drone  
  46  3:49  Zergling x6  
  46  3:50  Zergling x2  
  46  3:51  Overlord  
  46  3:52  Drone x2  
  46  3:55  Drone  
  53  3:56  Queen  
  53  4:01  Drone  
  56  4:03  Baneling Nest  
  56  4:05  Overlord  
  56  4:07  Drone  
  56  4:11  Baneling Nest  
  56  4:15  Drone  
  56  4:16  Extractor  
  55  4:25  Drone x5  
  55  4:30  Queen, Spore Crawler  
  61  4:34  Queen  
  61  4:35  Drone  
  64  4:40  Overlord  
  64  4:41  Drone, Spore Crawler  
  64  4:44  Spore Crawler  
  63  4:52  Lair  
  63  4:53  Drone, Spore Crawler  
  63  4:57  Drone x2  
  65  5:00  Drone x2  
  65  5:04  Drone x3  
  70  5:08  Overlord  
  70  5:10  Drone  
  70  5:11  Drone  
  70  5:13  Drone  
  70  5:14  Drone  
  74  5:18  Zergling x6  
  76  5:25  Overlord  
  76  5:29  Drone x5  
  76  5:33  Extractor  
  76  5:34  Extractor x3  
  77  5:36  Overlord, Drone x3  
  77  5:39  Drone  
  81  5:46  Drone x3  
  81  5:48  Drone x2  
  81  5:49  Drone  
  87  5:52  Overseer  
  87  5:53  Spire  
  86  5:58  Drone x3  
  86  6:00  Centrifical Hooks  
  89  6:09  Zergling x16  
  89  6:10  Baneling  
  93  6:12  Baneling x3  
  93  6:15  Baneling x3  
  92  6:25  Hatchery  
  89  6:28  Drone x2  
  89  6:29  Drone  
  91  6:35  Drone x4  
  95  6:42  Drone x2  
  95  6:45  Overlord x2  
  97  6:47  Evolution Chamber  
  97  6:49  Evolution Chamber  
  97  6:50  Overlord  
  97  6:52  Drone x2  
  97  6:56  Overlord  
  97  7:04  Drone  
  97  7:08  Mutalisk x7  
  98  7:13  Mutalisk x2  
  116  7:16  Baneling x3  
  116  7:22  Drone x4  
  120  7:23  Drone x3  
  120  7:28  Zerg Ground Armor Level 1  
  120  7:29  Zergling x2  
  124  7:32  Zergling x2, Zerg Melee Weapons Level 1  
  124  7:35  Baneling x2  
  124  7:39  Zergling x12  
  124  7:42  Pneumatized Carapace  
  124  7:43  Drone  
  124  7:44  Drone x2  
  133  7:48  Overlord  
  133  7:49  Drone x2  
  135  7:52  Baneling  
  135  7:53  Baneling x2  
  135  7:54  Overlord x3  
  135  8:07  Overlord  
  135  8:08  Mutalisk x3, Drone x2  
  135  8:10  Baneling x3  
  135  8:11  Zergling x2, Baneling  
  144  8:13  Overlord x2  
  144  8:14  Extractor  
  144  8:16  Zergling x14  
  150  8:21  Baneling x2  
  150  8:22  Baneling x5  
  150  8:23  Zergling x6  
  153  8:27  Zergling x4  
  153  8:33  Baneling x3  
  155  8:35  Zergling x10  
  160  8:41  Zergling x2  
  160  8:42  Zergling x6  
  159  8:52  Zergling x8, Hatchery  
  162  8:58  Mutalisk x3  
  162  9:02  Mutalisk x2  
  162  9:04  Zergling x2  
  162  9:07  Zergling x2  
  171  9:11  Overlord  
  171  9:12  Baneling  
  171  9:13  Baneling x6  
  163  9:18  Zergling x2  
  163  9:19  Zergling x12  
  166  9:26  Mutalisk x2  
  166  9:31  Mutalisk x2  
  162  9:34  Zergling x4  
  162  9:35  Zergling x2  
  147  9:39  Overseer  
  147  9:41  Drone x3  
  147  9:42  Drone x2  
  152  9:46  Drone  
  152  9:47  Zerg Melee Weapons Level 2  
  153  9:54  Baneling x7  
  153  9:56  Zergling x2  
  153  9:57  Zergling x8  
  158  10:04  Hatchery  
  158  10:07  Zergling x12  
  158  10:10  Baneling x10, Spore Crawler  
  158  10:13  Zergling x2  
  163  10:16  Zergling x2  
  163  10:17  Overlord  
  164  10:22  Zerg Ground Armor Level 2  
  164  10:24  Zergling x4  
  164  10:27  Zergling x8  
  170  10:31  Drone  
  170  10:32  Drone x3  
  174  10:35  Drone x2  
  174  10:38  Zergling x4  
  174  10:39  Zergling x2  
  174  10:40  Baneling  
  174  10:41  Baneling x10  
  177  10:43  Zergling x2  
  177  10:46  Zergling x4  
  178  10:52  Zergling x2  
  178  10:53  Zergling x6  
  178  10:56  Drone x5  
  185  10:59  Zerg Flyer Weapons Level 1  
  185  11:03  Zergling x10  
  190  11:06  Zergling x4  
  190  11:07  Zergling x2, Overseer  
  190  11:09  Baneling x12  
  193  11:14  Zergling x4  
  193  11:15  Zergling x4  
  197  11:20  Baneling x8  
  196  11:30  Zergling x18  
  197  11:35  Zergling x2  
  197  11:36  Zergling x12  
  198  11:40  Baneling x13  
  198  11:43  Zergling x6  
  198  11:44  Zergling x2  
  198  11:45  Zergling x2  
  197  11:50  Zergling x6  
  197  11:52  Baneling x7  
  197  11:53  Zergling x2  
  200  11:54  Zergling x2, Hatchery  
  200  11:57  Zergling x4  
  200  12:00  Baneling x6  
  199  12:05  Zergling x18  
  199  12:06  Zergling x2  
  177  12:09  Zergling x2  
  177  12:12  Baneling x8  
  177  12:13  Zergling x6  
  168  12:18  Zergling x6  
  168  12:20  Zergling x4  
  168  12:21  Zergling x2  
  158  12:24  Mutalisk x2  
  158  12:25  Zergling x6  
  158  12:27  Zergling x2  
  155  12:32  Mutalisk  
  155  12:33  Zergling x8  
  156  12:39  Mutalisk  
  156  12:43  Zergling x6  
  161  12:48  Mutalisk x2  
  161  12:49  Zergling x4  
  161  12:50  Zergling x2  
  161  12:51  Zergling x4  
  170  12:54  Zergling x2  
  170  12:55  Zergling x2  
  170  12:56  Zergling x4  
  170  12:57  Zergling x4  
  175  13:02  Hatchery  
  175  13:03  Zergling x4  
  175  13:08  Baneling x12  
  175  13:11  Zergling x8  
  179  13:15  Zergling x2  
  179  13:17  Baneling x6  
  179  13:18  Zergling x6  
  179  13:19  Zergling x6  
  185  13:23  Baneling x3  
  185  13:24  Baneling  
  185  13:25  Zergling x12  
  189  13:28  Baneling x3  
  189  13:29  Drone x2  
  189  13:30  Drone  
  191  13:37  Zergling x12  
  194  13:45  Drone  
  194  13:48  Zergling x10  
  197  13:52  Baneling x8  
  199  14:00  Infestation Pit  
  198  14:06  Baneling x4  
Show
View Real Time Build Order
Export as new Build Order

uThermal Terran 

Build Orders: Reaper Expand, Hellion Banshee 

Get SALT Encoding   

  12  0:00  SCV  
  13  0:12  SCV  
  14  0:18  Supply Depot  
  14  0:24  SCV  
  15  0:39  SCV  
  15  0:40  Barracks  
  16  0:44  Refinery  
  16  0:51  SCV  
  17  1:04  SCV  
  18  1:16  SCV  
  19  1:28  Reaper, Orbital Command  
  20  1:43  Command Center  
  20  1:51  Supply Depot  
  20  1:54  SCV  
  20  1:59  Marine  
  22  2:08  SCV  
  22  2:12  Factory  
  23  2:20  SCV  
  23  2:22  Barracks Reactor  
  24  2:32  SCV  
  25  2:45  SCV  
  25  2:47  Command Center  
  26  2:54  Orbital Command  
  26  2:59  SCV  
  27  3:05  Starport  
  27  3:11  SCV  
  28  3:20  SCV, Refinery  
  28  3:23  SCV  
  28  3:24  Hellion  
  32  3:28  Hellion  
  32  3:30  Barracks Tech Lab  
  32  3:33  SCV  
  35  3:35  SCV  
  36  3:45  SCV  
  36  3:46  Hellion  
  36  3:47  SCV  
  40  3:49  Hellion  
  40  3:53  Banshee  
  40  3:54  Marine  
  46  3:59  SCV x2  
  46  4:01  Orbital Command  
  48  4:09  Supply Depot  
  48  4:11  Hellion x2  
  48  4:12  SCV  
  48  4:15  SCV  
  48  4:17  Cloaking Field  
  54  4:24  SCV  
  54  4:27  SCV  
  54  4:29  SCV  
  57  4:32  Hellion x2  
  57  4:35  Supply Depot  
  57  4:37  Banshee  
  63  4:39  SCV  
  63  4:42  SCV x2  
  66  4:49  Armory  
  66  4:51  SCV  
  67  4:55  SCV  
  67  4:58  Hellion x2, Supply Depot  
  72  5:02  Orbital Command  
  72  5:03  SCV  
  72  5:06  Supply Depot  
  73  5:07  SCV  
  73  5:13  Refinery  
  74  5:16  SCV  
  74  5:19  Hellion  
  74  5:20  SCV, Hellion  
  80  5:27  SCV  
  80  5:28  SCV, Barracks  
  76  5:29  Barracks  
  76  5:32  SCV, Refinery  
  77  5:36  Barracks Tech Lab  
  77  5:39  SCV  
  77  5:40  SCV, Hellion  
  77  5:41  Hellion  
  83  5:43  Engineering Bay  
  83  5:44  SCV  
  83  5:46  Engineering Bay  
  84  5:51  SCV  
  84  5:52  SCV  
  84  5:54  Starport Reactor  
  84  5:55  Barracks  
  84  5:56  Barracks  
  84  5:57  Marine, Supply Depot  
  86  5:59  SCV  
  86  6:04  SCV x2  
  89  6:11  Hellion, SCV  
  92  6:18  Hellion, Marine  
  96  6:20  Barracks Reactor x2  
  96  6:21  SCV, Supply Depot  
  97  6:26  SCV  
  97  6:28  Terran Infantry Weapons Level 1, Terran Infantry Armor Level 1  
  97  6:31  SCV  
  99  6:34  Supply Depot  
  99  6:36  Marine  
  99  6:39  Supply Depot  
  100  6:41  Stimpack  
  100  6:42  Hellion x2  
  100  6:44  Barracks Reactor  
  100  6:46  Supply Depot  
  105  6:49  Medivac  
  105  6:53  Marine  
  108  6:55  Combat Shield  
  108  6:57  Supply Depot  
  108  6:59  Marine x4  
  108  7:00  Hellion x9, Marine  
  112  7:01  Medivac  
  112  7:03  Refinery  
  114  7:09  Missile Turret  
  114  7:11  Marine  
  114  7:12  Missile Turret  
  114  7:13  Factory Tech Lab  
  114  7:14  SCV, Missile Turret  
  116  7:17  Marine x2  
  116  7:18  SCV  
  116  7:19  Medivac  
  116  7:20  Supply Depot  
  121  7:23  Marine x2  
  121  7:24  Marauder  
  121  7:27  SCV  
  121  7:29  Marine x2  
  127  7:30  Marauder  
  127  7:31  Siege Tank  
  127  7:34  SCV, Supply Depot  
  127  7:35  Marine  
  134  7:40  Medivac  
  136  7:44  Marine x2  
  136  7:45  Marauder  
  136  7:50  Medivac  
  142  7:51  Marauder  
  142  7:52  Marine x2  
  142  7:54  Missile Turret  
  146  7:59  Marine  
  146  8:00  Marine  
  146  8:02  Marine  
  146  8:05  Siege Tank, Missile Turret  
  150  8:07  Marauder  
  150  8:10  Medivac  
  154  8:13  Marauder  
  154  8:16  Barracks x2  
  154  8:18  Barracks  
  156  8:21  Marine  
  157  8:47  Marine x2  
  157  8:50  Medivac  
  157  8:52  Marine x2  
  157  8:54  Supply Depot, Terran Infantry Armor Level 2, Terran Infantry Weapons Level 2  
  157  8:59  Marine  
  157  9:01  Marine  
  157  9:06  Supply Depot  
  157  9:10  Orbital Command  
  149  9:33  Marine x2  
  149  9:34  Marauder x2, Marine  
  149  9:35  Medivac, Marine x4  
  149  9:36  Marine x2  
  149  9:37  Medivac, Siege Tank  
  136  9:41  Supply Depot  
  136  9:42  Supply Depot  
  125  9:47  Missile Turret  
  125  9:48  Missile Turret  
  125  9:51  Marine x2  
  125  9:52  Marine x2  
  124  9:53  Marine x2  
  124  9:54  Marine x2  
  124  9:55  Marauder, Marine  
  124  9:56  Marauder  
  135  10:01  Missile Turret  
  135  10:09  Supply Depot, Marine x2, Siege Tank  
  135  10:10  Supply Depot, Marine  
  135  10:11  Marine x2  
  135  10:12  Medivac  
  135  10:13  Marine  
  146  10:17  Marauder x2, Supply Depot, Marine  
  151  10:24  Missile Turret  
  151  10:25  Medivac  
  151  10:27  Marine x3  
  156  10:34  Marine  
  157  10:36  Marine  
  157  10:38  Marauder  
  157  10:40  Supply Depot  
  157  10:42  Marine, Supply Depot, Siege Tank  
  163  10:54  Marine x2  
  163  10:55  Marauder  
  167  10:58  Marine x2  
  167  10:59  Marine x4  
  167  11:05  Missile Turret  
  167  11:06  Marine x2  
  167  11:11  Liberator x2  
  167  11:14  Marine x2  
  167  11:16  Marauder, Marine  
  181  11:20  Marine x3  
  181  11:21  Marine  
  172  11:33  Thor  
  172  11:36  Marine x2  
  172  11:38  Marauder, Marine  
  172  11:39  Supply Depot x2, Missile Turret  
  172  11:41  Marine x2  
  166  11:48  Marine x2  
  166  11:54  Liberator  
  160  11:58  Liberator  
  128  12:11  Marine x2  
  128  12:12  Marauder x2  
  112  12:26  Marine x2  
  103  12:36  Liberator  
  99  12:38  SCV  
  99  12:39  Marine x3  
  99  12:40  Marauder  
  99  12:43  Liberator  
  107  12:46  Marine x2  
  107  12:47  Marine  
  108  12:53  Marine x2  
  108  12:54  Marine  
  109  12:59  Marine  
  109  13:01  Marauder, Marine x2  
  114  13:11  Marine x2  
  116  13:14  Marine x2  
  116  13:19  Marine x2  
  119  13:20  Widow Mine x2  
  119  13:21  Marine  
  119  13:23  Marauder  
  119  13:24  Medivac  
  124  13:27  Medivac, Marine  
  124  13:34  Marine x3, Refinery  
  128  13:35  Marine  
  128  13:36  Marine  
  128  13:41  Marine  
  129  13:42  Widow Mine x2  
  129  13:44  Marauder  
  129  13:47  Refinery  
  136  13:51  Marine  
  136  13:52  Marine x2  
  139  13:56  Marine x3  
  139  13:59  Marine x2  

Tags
 
Add a new tag
Caveats
  • Supply blocks, unpowered buildings, or Contaminate may cause inaccurate times.
  • Supply counts are checked every 10 seconds.